Cogmind - Beta 10.2 @@@ ROGUE MODE // 2021.03.25 @ 15:51:43 Player: ChromeKnight Result: Destroyed by as-53707 with Assembled Heavy Rifle Performance ------------- Evolutions (0) 0 Regions Visited (2) 400 Robots Destroyed (13) 65 Value Destroyed (324) 324 Prototype IDs (0) 0 Alien Tech Used (0) 0 Bonus (0) 0 TOTAL SCORE: 789 Bonus ------- None Cogmind --------- Core Integrity 0/250 Matter 240/300 Energy 95/125 System Corruption 0% Temperature Cool (0) Movement Core (350) Ox6 Location -10/Mines Parts ------- > --- POWER (1) -------- Light Ion Engine > --- PROPULSION (2) --- (None) > --- UTILITY (2) ------ Large Storage Unit > --- WEAPON (2) ------- (None) > --- INVENTORY (10) --- Light Ion Engine Aluminum Leg Aluminum Leg Targeting Computer Peak State ------------ > --- POWER ------------ Light Nuclear Core > --- PROPULSION ------- Aluminum Leg Aluminum Leg > --- UTILITY ---------- Large Storage Unit Core Shielding > --- WEAPON ----------- EM Pulse Gun Grenade Launcher > --- INVENTORY -------- Targeting Computer EM Pulse Gun EM Pulse Gun [Rating: 9] Favorites ----------- Power Light Ion Engine Engine Light Ion Engine Power Core Light Nuclear Core Propulsion Wheel Leg Aluminum Leg Wheel Wheel Utility Core Shielding Storage Large Storage Unit Protection Core Shielding Weapon EM Pulse Gun Energy Gun EM Pulse Gun Launcher Grenade Launcher Build | -11 -10 -10 ------- Run | Scr Mat Min Slots Evolved . | . . . Power . | . . . Propulsion . | . . . Utility . | . . . Weapon . | . . . Parts Attached 21 | 6 3 12 Power 7 | 1 . 6 Engine 6 | 1 . 5 Core 1 | . . 1 Reactor . | . . . Propulsion 6 | 2 . 4 Treads . | . . . Leg 4 | . . 4 Wheel 2 | 2 . . Hover . | . . . Flight . | . . . Utility 3 | 1 2 . Device . | . . . Storage 2 | 1 1 . Processor . | . . . Hackware . | . . . Protection 1 | . 1 . Artifact . | . . . Weapon 5 | 2 1 2 Energy Gun 4 | 2 . 2 Energy Cannon . | . . . Ballistic Gun . | . . . Ballistic Cannon . | . . . Launcher 1 | . 1 . Special Weapon . | . . . Impact Weapon . | . . . Slashing Weapon . | . . . Piercing Weapon . | . . . Special Melee Weapon . | . . . Unidentified Prototypes . | . . . Parts Lost 9 | . . 9 Power 2 | . . 2 Propulsion 2 | . . 2 Utility 1 | . . 1 Weapon 4 | . . 4 Highest Loss Streak 5 | . . 5 Average Slot Usage (%) 82 | . 89 78 Engine 11 | . 14 9 Leg 12 | . . 19 Wheel 10 | . 28 . Storage 14 | . 14 14 Protection 10 | . 4 13 Energy Gun 18 | . 23 14 Launcher 4 | . 4 5 Naked Turns . | . . . Heaviest Build 27 | 11 25 27 Greatest Support 20 | 20 20 20 Greatest Overweight (x) 8 | . 1 8 Average Overweight (x) 1 | . . 1 Largest Inventory Capacity 10 | 6 10 10 Average Capacity 8 | 5 6 10 Most Carried 5 | 1 4 5 Average Carried 2 | . 1 3 Final Capacity 10 | 6 10 10 Final Carried 4 | 1 3 4 Class Distribution -------------------- 100% | Mutant Dominant Class ---------------- Mutant | -10/Materials Mutant | -10/Mines Resources | -11 -10 -10 ----------- Run | Scr Mat Min Matter Collected 399 | 209 46 144 Remotely . | . . . Salvage Created 249 | . 62 187 Parts 21 | . 5 16 Haulers Intercepted . | . . . Recyclers Shooed . | . . . Parts Field Recycled . | . . . Retrieved Matter . | . . . Parts Self-Destructed . | . . . Prevented . | . . . Kills | -11 -10 -10 ------- Run | Scr Mat Min Combat Hostiles Destroyed 12 | . 4 8 Melee 1 | . . 1 Guns 7 | . 2 5 AOE 4 | . 2 2 Classes Destroyed 4 | . 2 2 Builder 1 | . . 1 Swarmer 6 | . 3 3 Grunt 5 | . 1 4 Demolisher 1 | . . 1 Best Kill Streak 5 | . 3 5 Combat Bots Only 5 | . 3 5 Max Kills in Single Turn 2 | . 2 1 Gunslinging . | . . . Exploded 1 | . 1 1 Melee 1 | . . 1 Uniques/NPCs Destroyed . | . . . Combat | -11 -10 -10 -------- Run | Scr Mat Min Damage Taken 882 | . 26 856 Core 260 | . 15 245 Absorbed by Shields . | . . . Core Remaining (%) 100 | 100 . . Volleys Fired 22 | . 3 19 Largest 2 | . 2 2 Hottest 80 | . 70 80 Shots Fired 42 | . 6 36 Gun 32 | . 3 29 Cannon . | . . . Launcher 10 | . 3 7 Special . | . . . Kinetic . | . . . Thermal . | . . . Explosive 10 | . 3 7 Electromagnetic 32 | . 3 29 Robot Hit Streak 8 | . 1 8 Robot Miss Streak 3 | . 1 3 Penetration Max . | . . . Secondary Targets 1 | . . 1 Max Gunslinging Chain 1 | . . 1 Shots Hit Robots 22 | . 2 20 Core Hits 20 | . 4 16 Critical Hits . | . . . Critical Kills . | . . . Critical Parts Destroyed . | . . . Melee Attacks . | . . . Impact . | . . . Slashing . | . . . Piercing . | . . . Sneak Attacks . | . . . Combat Hostiles . | . . . Follow-up Attacks . | . . . Damage Inflicted 578 | . 87 491 Guns 229 | . 32 197 Cannons . | . . . Explosions 344 | . 55 289 Melee . | . . . Ramming 5 | . . 5 Kinetic . | . . . Thermal 68 | . . 68 Explosive 276 | . 55 221 Electromagnetic 229 | . 32 197 Impact . | . . . Slashing . | . . . Piercing . | . . . Highest Corruption . | . . . Average Corruption . | . . . Corruption Purged . | . . . Overload Shots . | . . . Overflow Damage . | . . . Projectiles . | . . . Explosions . | . . . Melee . | . . . Knockbacks . | . . . Impact . | . . . Kinetic . | . . . Secondary . | . . . Self-Inflicted Damage 63 | . . 63 Shots 3 | . . 3 Rammed 2 | . . 2 Targets Rammed 3 | . . 3 Kicked 1 | . . 1 Crushed . | . . . Highest Temperature 72 | . 18 72 Average Temperature 22 | . 9 24 Received Heat Transfer 84 | . . 84 Siege Activations . | . . . Robots Corrupted . | . . . Combat Hostiles . | . . . Parts Fried . | . . . Impact Corruptions . | . . . Robots Melted . | . . . Combat Hostiles . | . . . Parts Melted . | . . . Heat Transferred 50 | . . 50 Parts Sabotaged . | . . . Parts Stolen . | . . . Parts Stripped . | . . . Power Chain Reactions 1 | . . 1 Missiles Intercepted . | . . . Alert | -11 -10 -10 ------- Run | Scr Mat Min Peak Influence 229 | . 100 229 Initial 39 | . . 39 Average 97 | . 10 156 Maximum Alert Level 1 | . . 1 Low Security (%) 75 | 100 100 59 Level 1 24 | . . 40 Level 2 . | . . . Level 3 . | . . . Level 4 . | . . . Level 5 . | . . . High Security . | . . . Max Security . | . . . Squads Dispatched 1 | . 1 . Investigation 1 | . 1 . Extermination . | . . . Reinforcement . | . . . Assault . | . . . Garrison . | . . . Intercept . | . . . Construction Impeded . | . . . Haulers Reinforced . | . . . Stealth | -11 -10 -10 --------- Run | Scr Mat Min Distress Signals . | . . . Communications Jammed . | . . . Distress Signals . | . . . Times Spotted 14 | . 4 10 Peak Tracking Total 6 | . 6 3 Tactical Retreats 1 | . . 1 Traps | -11 -10 -10 ------- Run | Scr Mat Min Traps Triggered . | . . . Indirectly . | . . . Trap Hack Attempts . | . . . Triggered . | . . . Disarmed . | . . . Reprogrammed . | . . . Reused . | . . . Traps Extracted . | . . . Installed . | . . . Triggered . | . . . Machines | -11 -10 -10 ---------- Run | Scr Mat Min Machines Disabled 1 | . . 1 Max in Single Turn 1 | . . 1 Machines Sabotaged . | . . . Garrisons Compromised . | . . . Overloaded Fab Kills . | . . . Fab Network Shutdowns . | . . . Hacking | -11 -10 -10 --------- Run | Scr Mat Min Machines Accessed 1 | . 1 . Terminals 1 | . 1 . Fabricators . | . . . Repair Stations . | . . . Recycling Units . | . . . Scanalyzers . | . . . Garrison Access . | . . . Total Hacks 3 | . 3 . Successful 1 | . 1 . Failed 2 | . 2 . Catastrophic . | . . . Database Lockouts . | . . . Manual . | . . . Terminals 3 | . 3 . Fabricators . | . . . Repair Stations . | . . . Recycling Units . | . . . Scanalyzers . | . . . Garrison Access . | . . . Terminal Hacks 1 | . 1 . Zone Layout 1 | . 1 . Fabricator Hacks . | . . . Repair Station Hacks . | . . . Recycling Unit Hacks . | . . . Scanalyzer . | . . . Garrison Access Hacks . | . . . Unauthorized Hacks . | . . . Terminals . | . . . Fabricators . | . . . Repair Stations . | . . . Recycling Units . | . . . Scanalyzers . | . . . Garrison Access . | . . . Data Cores Recovered . | . . . Used . | . . . Hacking Detections 1 | . 1 . Full Trace Events 1 | . 1 . Feedback Events . | . . . Feedback Blocked . | . . . Robot Schematics Acquired . | . . . Robots Built . | . . . Matter . | . . . Time . | . . . Total Robot Build Rating . | . . . Part Schematics Acquired . | . . . Parts Built . | . . . Matter . | . . . Time . | . . . Total Part Build Rating . | . . . Parts Repaired . | . . . Time . | . . . Parts Recycled . | . . . Recycled Matter . | . . . Retrieved Matter . | . . . Retrieved Components . | . . . Parts Scanalyzed . | . . . Part Schematics Acquired . | . . . Parts Damaged . | . . . Bothacking | -11 -10 -10 ------------ Run | Scr Mat Min Used RIF Installer . | . . . Robots Hacked . | . . . Non-combat . | . . . Combat . | . . . Robot Hacks Applied . | . . . Relay Couplers Released . | . . . Robots Rewired . | . . . Allies Hacked . | . . . Hacks Repelled . | . . . Allies | -11 -10 -10 -------- Run | Scr Mat Min Total Allies . | . . . Largest Group . | . . . Highest-Rated Group . | . . . Highest-Rated Ally . | . . . Total Orders . | . . . Ally Attacks . | . . . Total Damage . | . . . Kills . | . . . Allies Corrupted . | . . . Allies Melted . | . . . Intel | -11 -10 -10 ------- Run | Scr Mat Min Robot Analysis Total . | . . . Derelict Logs Recovered . | . . . Drone Launches . | . . . Drone Recoveries . | . . . Exploration | -11 -10 -10 ------------- Run | Scr Mat Min Turns Passed 700 | 39 240 421 Spaces Moved 309 | 36 83 190 Core 33 | 1 . 32 Treads . | . . . Legs 156 | . . 156 Wheels 120 | 35 83 2 Hover . | . . . Flight . | . . . Fastest Speed 50 | 50 80 90 Average Speed 141 | 79 83 178 Slowest Speed 450 | 80 90 450 Overloaded Moves . | . . . Propulsion Burnouts . | . . . Robots Hopped . | . . . Cave-ins Triggered . | . . . Exploration Rate (%) 23 | 4 25 41 Regions Visited 2 Branch Regions 1 Pre-discovered Areas . | . . . Known Exits Taken . | . . . Unknown Exits Taken 2 | 1 1 . Scrap Searched . | . . . Spaces Dug . | . . . Terrain Destroyed 47 | . 19 28 Melee . | . . . Projectile . | . . . AOE 47 | . 19 28 Terrain Rammed . | . . . Walls Destroyed . | . . . Machines Disabled . | . . . Actions | -11 -10 -10 --------- Run | Scr Mat Min Total 522 | 43 247 232 Wait 160 | 1 156 3 Move 307 | 35 82 190 Hop . | . . . Pick Up 2 | 1 1 . Fast Attach 15 | 6 2 7 Attach 2 | . . 2 Detach 1 | . 1 . Swap 4 | . 1 3 Drop 6 | . 1 5 Fire 22 | . 3 19 Melee . | . . . Ram 1 | . . 1 Kick 2 | . . 2 Crush . | . . . Escape Stasis . | . . . Rewire . | . . . Trap . | . . . Miscellaneous . | . . . Route ------- -11/Scrapyard -10/Materials -10/Mines History --------- Turn | Location | Event 22 | -11/Scrapyard | Discovered new exit (range 16) 40 | -11/Scrapyard | Entered Materials 266 | -10/Materials | Discovered new exit (range 8) 280 | -10/Materials | Entered Mines 339 | -10/Mines | Build established: Mutant 395 | -10/Mines | Assembled infested the area 463 | -10/Mines | Lost 3 parts (1p2w) 588 | -10/Mines | Core integrity fell below 50% 608 | -10/Mines | Core integrity fell below 20% 634 | -10/Mines | Lost 5 parts (1p2n2w) 701 | -10/Mines | Destroyed by as-53707 with Assembled Heavy Rifle Last Messages --------------- 00582_ EM Pulse Gun destroyed. 00584_ The unstable cave ceiling collapses. 00592_ Ion Engine destroyed. 00592_ Kicked D-53 Grenadier out of the way. 00592_ D-53 Grenadier destroyed. 00593_ The unstable cave ceiling collapses. 00601_ Slammed into D-53 Grenadier. 00603_ The unstable cave ceiling collapses. 00603_ Aluminum Leg destroyed. 00606_ The unstable cave ceiling collapses. 00607_ D-53 Grenadier destroyed. 00609_ The unstable cave ceiling collapses. 00648_ K-01 Serf collects debris. 00655_ The unstable cave ceiling collapses. 00659_ K-01 Serf collects debris. 00664_ Slammed into T-07 Excavator. 00685_ Acquired Lgt. Ion Engine. 00687_ Acquired 10 matter. 00687_ K-01 Serf destroyed. 00693_ Core Shielding destroyed. Map ----- +----------------------------------------------------+ | ?????????????????????????????????????????????????? | | ?????????????????????????????????????????????????? | | ?????????????????????????????????????????????????? | | ?????????????????????????????????????????????????? | | ?????????????????????????????????????????????????? | | ?????????????????????????????????????????????????? | | ?????????????????????????????????????????????????? | | ?????????????????????????????????????????????????? | | ?????????????????????????????????????????????????? | | ?????????????????????????????????????????????????? | | ?????????????????????????????????????????????????? | | ?????????????????????????????????????????????????? | | ?????????????????????????????????????????????????? | | ?????????????????????????????????????????????????? | | ?????????????????????????????????????????????????? | | ?????????????????????????????????????????????????? | | ?????????????????????????????????????????????????? | | ?????????????????????????????????????????????????? | | ?????????????????????????????????????????????????? | | ?????????????????????????????????????????????????? | | ???????????????????????????????#?????# ??????????? | | ??????????????????????????????%#### ?????????? | | ??????????????????????????### ?????????? | | ?????????????????????##### % ??????????? | | ????????????????????## k"""???????????? | | ???????????????????## @!= """???????????? | | ??????????????????## ##%* """???????????? | | ??????????????????# ##??? ??????????? | | ?????#???????????## !=*##??????% #?????????? | | ?????# ????????### %##????????? ##???????### | | ?????# ######### * #???????????? ##???????## | | ?????# * %a% #??????????????#??????### | | ?????###### #### = #######??????????????## | | ??????????# ##?## # % #??????????????# | | ??????##### ##?### ##### #??????????????# | | ??????# #???# ##???# #???????????????# | | ??????# ###??# #??### ###????????????## ## | | ??????# # #??# #### ###?????????## ## | | ?????## #??# #?????????# # | | ?????# # #??# #?????????# # | | ?????# # ###?## #######???## # | | ?????## # ##?# ## # | ###??### | | ??????# # ## #?###### = ##???## | | ??????# # ##??????## * ###### | | ??????# # # #???????## # | | ??????## ## ##????????# # # # | | ??????# #?????????# ### ######### | | ??????## # # ##????????## ##?## #???????? | | ??????# ##?????????## ######### #???????? | | ??????## # ##???????????####?#[= #???????? | +----------------------------------------------------+ Best States ------------- Heat Dissipation 25 Energy Generation 14 Energy Capacity 250 Matter Stores 250 Matter Capacity 300 Sight Range 16 Terrain Scan Density 10 Core Shielding 20 Evasion (%) 44 Item Schematics ----------------- None Robot Schematics ------------------ None Fabricated ------------ Nothing Alien Tech Used ----------------- None Achievements -------------- None Challenges ------------ None Game ------ Seed FluxInsulationShockpuncher Manual? 0 Play Time 00:05:16 Cumulative 90.8 hours Start 2021.03.25 @ 15:48:26 End 2021.03.25 @ 15:51:43 Sessions 1 Manual Loads 0 Difficulty Rogue Special Mode None Game No. 236 Rogue 83 Adventurer 148 Explorer 5 Win Type - Total 1 Types 1/0/0/0/0/0/0/0/0 Lore% 56 Gallery% 65 Achievement% 52 Wizard Run 0 Options --------- ASCII 0 Keyboard 0 Movement Numpad Keybinds 0 Fullscreen 1 Font 14/X11 Map View 84x54 Tactical HUD 1 Map Filters NONE Filters NONE Steam 1 RUN: b017deb1-a23c-4279-8083-74e9a9434e38